 Dungeon Crawl Stone Soup version 0.16.1 (webtiles) character file.

15 Helmschank the Ruffian (level 2, -1/23 HPs)
             Began as a Draconian Transmuter on Mar 23, 2015.
             Killed from afar by Ijyb (2 damage)
             ... with a wand of magic darts
             ... on level 2 of the Dungeon.
             The game lasted 00:09:13 (2407 turns).

Helmschank the Ruffian (Draconian Transmuter)       Turns: 2407, Time: 00:09:13

Health: -1/23      AC:  5    Str: 12    XL:     2   Next: 34%
Magic:  1/4        EV: 12    Int: 13    God:
Gold:   20         SH:  0    Dex: 11    Spells: 2 memorised, 2 levels left

rFire  . . .     SeeInvis .       - Unarmed
rCold  . . .     Clarity  .     (armour unavailable)
rNeg   . . .     SustAb   .     (no shield)
rPois  .         Gourm    .     (helmet restricted)
rElec  .         Spirit   .     (no cloak)
rCorr  .         Warding  .     e - +0 pair of gloves
rMut   .         Stasis   .     (no boots)
MR     .....                    (no amulet)
Stlth  +.........               (no ring)
                                (no ring)

@: very slightly contaminated, not resistant to hostile enchantments, very
unstealthy
A: unfitting armour, cold-blooded, AC +4
a: no special abilities


You were on level 2 of the Dungeon.
You were not hungry.

You visited 1 branch of the dungeon, and saw 2 of its levels.

You collected 20 gold pieces.

Inventory:

Missiles
 c - 22 arrows of flame
 k - 16 poisoned needles
 w - 26 arrows
Armour
 e - a +0 pair of gloves (worn)
Scrolls
 b - a scroll of enchant weapon {unknown}
 f - a scroll of teleportation {unknown}
 g - a scroll of identify {unknown}
Books
 d - a book of Changes

   Spells                             Type                      Level
   a - Beastly Appendage              Transmutation                1
   b - Sticks to Snakes               Transmutation                2
   c - Spider Form                    Transmutation/Poison         3
   d - Ice Form                       Ice/Transmutation            4
   e - Blade Hands                    Transmutation                5
Comestibles
 a - a bread ration


   Skills:
 - Level 1.1 Fighting
 - Level 1.7 Dodging
 + Level 3.8 Unarmed Combat
 - Level 2.0 Spellcasting
 - Level 2.0 Transmutations


You had 2 spell levels left.
You knew the following spells:

 Your Spells              Type           Power        Failure   Level  Hunger
w - Sticks to Snakes      Trmt           #.........   17%         2    ###....
z - Beastly Appendage     Trmt           #.....       12%         1    ##.....


Dungeon Overview and Level Annotations

Branches:
Dungeon (2/15)

Altars:

Annotations:
D:2 Ijyb, Terence


Innate Abilities, Weirdness & Mutations

Your plain brown scales are hard (AC +4).
Your body does not fit into most forms of armour.
Your cold-blooded metabolism reacts poorly to cold.


Message History

Ijyb is moderately wounded.
Your ball python bites Ijyb but does no damage.
Your ball python constricts Ijyb.
Ijyb hits you.
You hit Ijyb but do no damage.
Ijyb is moderately wounded.
Your ball python bites Ijyb.
Your ball python constricts Ijyb.
Ijyb zaps a wand.
The magic dart hits you!
* * * LOW HITPOINT WARNING * * *
Your ball python bites Ijyb.
Your ball python constricts Ijyb.
Ijyb zaps a wand.
The magic dart hits you!
* * * LOW HITPOINT WARNING * * *
Your ball python bites Ijyb.
Your ball python constricts Ijyb.
Something hits your ball python.
Your ball python dies!
You aren't carrying any potions.
Read which item? (? for menu, Esc to quit)
As you read the scroll labeled NIAPSA MEOX, it crumbles to dust.
The creatures around you are filled with an inner flame!
It was a scroll of immolation.
Ijyb zaps a wand.
The magic dart hits you!
You die...

# ♣..# ♣♣#.## #.#.#
#.#.# ## #.#.#####
.# ##.......# .#
##........#
##.#######.<#.[)...#
#..........g@.....>#
#.######.###.......#
#.# ##.# ##......#
#.### #..# #......#
#..P###.## #......#
#.♣g....# #......#
#.P♣♣P..# ########
#..P♣♣PP##
#####..P♣♣...#


You could see Ijyb (inner flame).

Vanquished Creatures
  A giant gecko (D:1)
  A ball python (D:1)
  A bat (D:2)
  2 giant cockroaches (D:1)
  2 goblins (D:1)
  2 hobgoblins (D:1)
  A giant newt (D:1)
  A kobold (D:1)
  2 rats
  A plant (D:2)
14 creatures vanquished.

Notes
Turn   | Place    | Note
--------------------------------------------------------------
     0 | D:1      | Helmschank, the Draconian Transmuter, began the quest for the Orb.
     0 | D:1      | Reached XP level 1. HP: 16/16 MP: 3/3
   504 | D:1      | Reached XP level 2. HP: 20/23 MP: 4/4
   803 | D:1      | Upgraded the game from 0.16.0-18-g484a79e to 0.16.1
   922 | D:2      | Noticed Terence
   932 | D:1      | Learned a level 2 spell: Sticks to Snakes
  1435 | D:2      | Noticed Ijyb
  1458 | D:2      | HP: 1/23 [Ijyb/wand of magic darts (5)]
  2404 | D:2      | HP: 1/23 [Ijyb/wand of magic darts (3)]
  2407 | D:2      | Killed from afar by Ijyb

Action                   || total
-------------------------++-------
Melee: Unarmed           ||    97
 Cast: Beastly Appendage ||     4
       Sticks to Snakes  ||     3
  Use: Scroll            ||     1
  Eat: Chunk             ||     3
       Meat ration       ||     1
